 BcadrenCrawl: Boulder Brew version 0.05.21-44-gf299df4180 (webtiles) character file.

Game seed: 11368032701686141359, levelgen mode: deterministic

142 gruber the Insei (level 5, -3/33 HPs) Oozomorph Transmuter. Began on July 24, 2021. Slain by a crocodile (9 damage) ... on level 2 of the Dungeon. The game lasted 00:02:41 (823 turns).

gruber the Insei (Oozomorph Transmuter)              Turns: 823, Time: 00:02:41

Health: -3/33      AC:  2    Str: 10    XL:     5 ^: 176
Magic:  7/8        EV: 12    Int: 15    God:
Gold:   44         SH:  0    Dex: 13    Spells: 7/8 levels left

rFire    . . .     Vision   .     - Unarmed
rCold    . . .     Gourm    .     - Unarmed
rNeg     . . .     Faith    .   a - +0 robe
rCorr    + + +     Spirit   .   (no armour)
rPois    .         Reflect  .   (no armour)
rElec    .         Harm     .   (no armour)
MR       .....                  (no armour)
Stlth    +.........             (no armour)
HPRegen  0.21/turn              (nothing subsumed)
MPRegen  0.18/turn              (no amulet)
                                (no ring)
                                (no ring)

@: appendage
A: talons, cytoplasmic subsumption, amorphous body, gelatinous body 1
a: Subsume Item, End Transformation


You were on level 2 of the Dungeon.
You were not hungry.
You had grown temporary talons.
You visited 1 branch of the dungeon, and saw 2 of its levels.

You collected 44 gold pieces.

Inventory:

Weapons
 d - a +0 club
Armour
 a - a +0 robe (worn)
Scrolls
 e - a scroll of magic mapping
Potions
 b - 3 potions of heal wounds
Comestibles
 c - 4 rations


   Skills:
 - Level 1.1 Fighting
 - Level 1.5 Dodging
 * Level 5.8 Unarmed Combat
 - Level 2.0 Spellcasting
 - Level 2.6 Transmutations


You had 7 spell levels left.
You knew the following spells:

 Your Spells              Type           Power        Failure   Level  Hunger
a - Beastly Appendage     Tmut           9 (50)       8%          1    #......

Your spell library contained the following spells:

 Spells                   Type           Power        Failure   Level  Hunger
 Sticks to Snakes         Tmut           9 (100)      11%         2    ###....
 Scorpion Form            Tmut/Pois      5 (200)      36%         3    ###....
 Snakes to Sticks         Hex/Tmut       5 (100)      36%         3    ###....
 Ice Form                 Ice/Tmut       5 (100)      77%         4    #####..
 Blade Hands              Tmut           9 (200)      90%         5    ######.


Dungeon Overview and Level Annotations

Branches:
Dungeon (2/8)

Altars:


Innate Abilities, Weirdness & Mutations

You may subsume any weapon, armour, or jewellery into your cytoplasm to benefit from its magical properties.
Your body is completely amorphous, allowing you to wear any combination of armour.
You have seven amorphous slots; replacing the normal gear slots.
Body armours and bardings take two slots, all other armours take one.
Your gelatinous form is immune to acid, constriction and sticky flames. (rCorr+, Slime)
You have razor-sharp talons for feet.


Message History

Ouch! That really hurt!
Casting: Beastly Appendage (safe; 8% risk of failure)
Confirm with . or Enter, or press ? or * to list all spells.
Your feet morph into talons.
The cinder newt barely misses you (0).
The crocodile bites you but does no damage.
You hit the cinder newt (3). x2
The cinder newt is severely wounded. (4/13) HP The cinder newt bites you (2).
You hit the crocodile (2). You closely miss the crocodile.
The crocodile is lightly wounded. (27/29) HP The crocodile bites you (3).
* * * LOW HITPOINT WARNING * * *
You hit the crocodile but do no damage. x2
The crocodile is lightly wounded. (27/29) HP The cinder newt bites you (2).
* * * LOW HITPOINT WARNING * * *
You hit the crocodile but do no damage. x2
The crocodile is lightly wounded. (27/29) HP The crocodile bites you (9)!
You die...

#...#...≈≈≈≈≈.#..
#..≈#.≈≈≈≈≈≈....
#≈.≈.≈≈≈≈;≈≈..
...≈≈≈≈≈≈≈#
###.≈≈≈≈≈≈≈#
#<#≈≈≈≈≈≈≈≈#
##†.†≈≈≈≈≈≈# ##
#≈..≈≈≈≈≈≈≈# #..#
#.<#PP≈≈≈≈l@#..≈.#
#.##PP≈≈≈≈.t.#
≈≈≈..≈≈≈≈≈..≈.....≈≈
PPPPP.P≈≈≈≈.≈≈≈≈≈≈.≈≈
P≈P≈≈PPP≈≈≈..≈≈≈≈≈≈.≈≈


..PPP P;≈≈≈.≈≈≈≈≈≈..≈≈ PPP≈≈b≈≈≈≈≈≈≈.≈≈≈ ≈≈≈≈≈≈≈≈≈;≈≈≈.≈≈≈ ≈≈≈.≈≈..≈≈≈..≈≈≈ You
could see a crocodile, a cinder newt and 3 neutral slimeheads (passive).

Vanquished Creatures
  5 giant cockroaches
  A gnoll (D:1)
  3 cinder newts (D:1)
  2 worms (D:2)
  2 dart slugs (D:1)
  A leopard gecko (D:1)
  3 bats (D:1)
  3 goblins (D:1)
  3 hobgoblins (D:1)
  2 ball pythons (D:1)
  2 kobolds (D:1)
  An orc skeleton (D:2)
  3 rats (D:1)
31 creatures vanquished.

Vanquished Creatures (others)
  5 withered plants (D:2)
5 creatures vanquished.

Grand Total: 36 creatures vanquished

Notes
Turn   | Place    | Note
-------+----------+-------------------------------------------
     0 | D:1      | gruber the Oozomorph Transmuter began the quest for the
                  | Orb.
     0 | D:1      | Reached XP level 1. HP: 13/13 MP: 3/3
    19 | D:1      | Reached XP level 2. HP: 18/18 MP: 3/5
    89 | D:1      | Reached skill level 4 in Unarmed Combat
   143 | D:1      | Reached XP level 3. HP: 23/23 MP: 4/6
   367 | D:1      | Reached XP level 4. HP: 28/28 MP: 5/7
   418 | D:1      | Reached skill level 5 in Unarmed Combat
   804 | D:2      | Reached XP level 5. HP: 33/33 MP: 8/8
   823 | D:2      | Slain by a crocodile

Levels and vault maps discovered:
D:1:      dpeg_arrival_tiny_d, layout_loops_ring, first_ration
D:2:      layout_sewer, minivault_1, kennysheep_another_room,
          grunt_decor_one_mirror, minmay_pentomino_z2

Skill      XL: |  1  2  3  4 |
---------------+-------------+-----
Unarmed Combat | 4 5 |  5.8
Fighting       | |  1.1
Dodging        | |  1.5
Spellcasting   | |  2.0
Transmutations | |  2.6

Action                   |  1- 3 |  4- 6 || total
-------------------------+-------+-------++-------
Melee: Unarmed           |    92 |    75 ||   167
       Kick              |     3 |     5 ||     8
       Headbutt          |       |     1 ||     1
 Cast: Beastly Appendage |     6 |     4 ||    10
Armor: Skin              |     4 |     5 ||     9
Dodge: Dodged            |    29 |    21 ||    50
